 Dungeon Crawl Stone Soup version 0.21.0 (webtiles) character file.

11326 inmateoo the Cleaver (level 11, 0/103 HPs)
             Began as a Deep Dwarf Wanderer on Jan 7, 2018.
             Was an Elder of Makhleb.
             Slain by a balrug
             ... wielding a +1 demon whip of draining
             ... summoned by the player character
              (13 damage)
             ... on level 1 of the Orcish Mines.
             The game lasted 00:19:49 (8363 turns).

inmateoo the Cleaver (Deep Dwarf Wanderer)          Turns: 8363, Time: 00:19:49

Health: 0/103      AC: 16    Str: 19    XL:     11   Next: 47%
Magic:  8/8        EV:  7    Int: 12    God:    Makhleb [****..]
Gold:   548        SH:  0    Dex: 13    Spells: 10/10 levels left

rFire    . . .     SeeInvis .   d - +0 war axe (freeze)
rCold    . . .     Gourm    .   (no shield)
rNeg     . . .     Faith    .   s - +0 shadow dragon scales
rPois    +         Spirit   .   (no helmet)
rElec    .         Reflect  .   (no cloak)
rCorr    .         Harm     .   (no gloves)
MR       +....                  (no boots)
Stlth    ++........             (no amulet)
HPRegen  0.00/turn              D - ring of poison resistance
MPRegen  0.11/turn              x - +4 ring of protection

@: non-regenerating, drained
A: damage resistance, heal wounds, sense surroundings 2, no regeneration
a: Heal Wounds, Minor Destruction, Lesser Servant of Makhleb, Major Destruction,
Renounce Religion


You were on level 1 of the Orcish Mines.
You worshipped Makhleb.
Makhleb was greatly pleased with you.
You were hungry.

You visited 3 branches of the dungeon, and saw 12 of its levels.

You collected 828 gold pieces.
You spent 280 gold pieces at shops.

Inventory:

Hand Weapons
 a - a +2 shortbow
 d - a +0 war axe of freezing (weapon)
 k - a +0 broad axe
 t - a +0 dagger of chaos
 C - a +0 battleaxe
Missiles
 b - 180 arrows
Armour
 e - a +0 buckler
 s - +0 shadow dragon scales (worn)
Jewellery
 l - an uncursed ring of see invisible
 x - a +4 ring of protection (right hand)
 D - a ring of poison resistance (left hand)
 H - a +4 ring of strength {unknown}
Wands
 n - a wand of digging (6)
 u - a wand of paralysis (14)
 w - a wand of acid (11)
 G - a wand of enslavement (7)
Scrolls
 g - a scroll of magic mapping
 h - 14 scrolls of remove curse
 p - a scroll of blinking
 r - a scroll of enchant armour
 y - 4 scrolls of identify
 F - 2 scrolls of fear {unknown}
Potions
 i - a potion of brilliance
 m - 2 potions of agility
 o - 5 potions of heal wounds
 q - a potion of magic
 v - a potion of mutation
 A - 3 potions of cancellation
 E - 4 potions of curing
Books
 c - a book of Air

   Spells                             Type                      Level
   a - Shock                          Conjuration/Air              1
   b - Swiftness                      Charms/Air                   2
   c - Static Discharge               Conjuration/Air              3
   d - Airstrike                      Air                          4
   e - Lightning Bolt                 Conjuration/Air              5
Comestibles
 f - 16 rations


   Skills:
 + Level 7.9(6.9) Fighting
 * Level 13.2(12.0) Axes
   Level 1.0(6.9) Maces & Flails
 - Level 2.2(1.3) Bows
 - Level 1.0(0.1) Throwing
 - Level 6.2(5.2) Armour
 - Level 1.2(0.3) Stealth
 - Level 5.9(4.9) Shields
 + Level 9.3(8.2) Invocations


You had 10 spell levels left.
You didn't know any spells.

Dungeon Overview and Level Annotations

Branches:
Dungeon (10/15)            Temple (1/1) D:6             Orc (1/2) D:9
   Lair: D:8-11

Altars:
Cheibriados
Fedhas
Gozag
Hepliaklqana
Makhleb
Nemelex Xobeh
Qazlal
Ru
Uskayaw
Wu Jian
Xom
Yredelemnul
The Shining One

Shops:
D:8 =   D:9 *

Annotations:
D:4 draziel's ghost, amateur MiBe


Innate Abilities, Weirdness & Mutations

You are resistant to damage.
You can heal yourself by infusing magical energy.
You passively map the area around you.
You do not regenerate.


Message History

The balrug hits you with a demon whip of draining.
You are engulfed in flames!!
You feel drained.
You see here a tomahawk.
The balrug hits you with a demon whip of draining!
* * * LOW HITPOINT WARNING * * *
You are engulfed in flames!!
* * * LOW HITPOINT WARNING * * *
You feel drained.
Unknown command.
You feel much better.
The balrug hits you with a demon whip of draining!
* * * LOW HITPOINT WARNING * * *
You are engulfed in flames!!
* * * LOW HITPOINT WARNING * * *
You feel drained. The orc knight completely misses you.
You feel much better.
The balrug hits you with a demon whip of draining!
* * * LOW HITPOINT WARNING * * *
You are engulfed in flames!
You die...

##.., ,.$...# #.#. *,
,.....## #.... ** ,#.....#
.....# **#.....##*
......#####.......
#.......)....#
#.........$.# *
##..$......# ####
#......2@########..####
#...(...o# ##.........###
#...#.....###..........##.
##.#....##o#............#.
####.###........##.......
### ##.#o.....##.....^
#.#......##....)..
#.......####...).[
#.........###...).


You could see a balrug, an orc knight and an orc warrior.

Vanquished Creatures
  A stone giant (Orc:1)
  2 two-headed ogres
  Grinder (D:3)
  2 hippogriffs
  A vampire (D:9)
  5 yaks (D:9)
  Sigmund (D:2)
  A spriggan (D:8)
  A wyvern (D:8)
  2 wargs (Orc:1)
  Edmund (D:4)
  An acid dragon (D:9)
  3 ice beasts
  A hornet zombie (D:9)
  8 orc warriors
  3 black bears
  2 phantoms
  3 ogres
  A crocodile (D:9)
  A centaur (D:5)
  6 bullfrogs
  2 big kobolds
  A gnoll sergeant (D:6)
  A water moccasin zombie (D:8)
  A scorpion (D:5)
  37 killer bees
  A wight (D:8)
  3 howler monkeys
  An electric eel (D:7)
  5 crimson imps
  A centaur zombie (D:9)
  2 centaur skeletons
  11 orc priests
  6 jellies
  A hound (D:5)
  6 iguanas
  14 orc wizards
  Natasha (thrice) (D:2)
  2 worker ants
  A hound zombie (D:8)
  A hound skeleton (D:7)
  A howler monkey zombie (D:8)
  13 gnolls
  2 worker ant zombies
  9 adders
  2 shadow imps
  3 adder zombies
  2 adder skeletons
  4 worms
  2 dart slugs
  6 leopard geckos
  73 orcs
  4 giant cockroaches
  9 hobgoblins
  20 jackals
  A quokka (D:9)
  10 bats
  5 frilled lizards
  11 goblins
  A jackal skeleton (D:4)
  21 kobolds
  A leopard gecko zombie (D:8)
  9 rats
356 creatures vanquished.

Notes
Turn   | Place    | Note
-------+----------+-------------------------------------------
     0 | D:1      | inmateoo the Deep Dwarf Wanderer began the quest for the Orb.
     0 | D:1      | inmateoo set off with: a +2 shortbow, 22 arrows, a +0 ring mail, a potion of lignification, a ration
     0 | D:1      | Reached XP level 1. HP: 20/20 MP: 1/1
   220 | D:1      | Reached XP level 2. HP: 22/27 MP: 2/2
   357 | D:1      | Reached skill level 1 in Shields
   562 | D:1      | Reached XP level 3. HP: 24/34 MP: 3/3
   897 | D:2      | Noticed Sigmund
   960 | D:2      | Killed Sigmund
   960 | D:2      | Reached XP level 4. HP: 25/44 MP: 3/3
   960 | D:2      | Reached XP level 5. HP: 29/50 MP: 4/4
   978 | D:2      | Noticed Natasha
   985 | D:2      | Killed Natasha
  1011 | D:2      | Found a faded altar of an unknown god.
  1152 | D:2      | Noticed Natasha
  1160 | D:2      | Killed Natasha
  1257 | D:2      | Noticed Natasha
  1263 | D:2      | Killed Natasha
  1263 | D:2      | Reached XP level 6. HP: 47/57 MP: 5/5
  1618 | D:3      | Found a glowing golden altar of the Shining One.
  1921 | D:3      | Found a shimmering altar of Xom.
  2075 | D:3      | Found an ornate altar of the Wu Jian Council.
  2251 | D:4      | Noticed Grinder
  2285 | D:3      | Killed Grinder
  2285 | D:3      | Reached skill level 5 in Fighting
  2285 | D:3      | Reached skill level 5 in Armour
  2285 | D:3      | Reached XP level 7. HP: 23/67 MP: 6/6
  2511 | D:4      | Noticed Edmund
  2518 | D:4      | Noticed draziel's ghost (amateur MiBe)
  2542 | D:4      | Killed Edmund
  2542 | D:4      | Reached skill level 5 in Shields
  2551 | D:5      | Entered Level 5 of the Dungeon
  2867 | D:5      | Reached XP level 8. HP: 69/75 MP: 6/6
  3147 | D:5      | Reached skill level 1 in Axes
  3263 | D:5      | Found a snail-covered altar of Cheibriados.
  3323 | D:5      | Reached skill level 2 in Axes
  3587 | D:4      | Reached skill level 3 in Axes
  4073 | D:4      | Found an opulent altar of Gozag.
  4263 | D:6      | Reached skill level 4 in Axes
  4334 | D:6      | Reached skill level 5 in Axes
  4358 | D:6      | Reached skill level 6 in Axes
  4480 | D:6      | Found a staircase to the Ecumenical Temple.
  4499 | Temple   | Entered the Ecumenical Temple
  4503 | Temple   | Became a worshipper of Makhleb the Destroyer
  4536 | D:6      | Gained mutation: You passively map the area around you. [Deep Dwarf growth]
  4536 | D:6      | Reached XP level 9. HP: 59/82 MP: 5/5
  4610 | D:6      | Reached skill level 7 in Axes
  4995 | D:6      | Found a sacrificial altar of Ru.
  5287 | D:7      | Reached skill level 8 in Axes
  5287 | D:7      | Reached skill level 1 in Invocations
  5369 | D:7      | Reached * piety under Makhleb
  6190 | D:8      | Reached skill level 9 in Axes
  6320 | D:8      | Found Leosoeto's Jewellery Shoppe.
  6334 | D:8      | Bought an uncursed ring of poison resistance for 280 gold pieces
  6362 | D:8      | Noticed a two-headed ogre
  6374 | D:8      | Killed a two-headed ogre
  6374 | D:8      | Reached skill level 10 in Axes
  6374 | D:8      | Reached skill level 5 in Invocations
  6482 | D:8      | Reached ** piety under Makhleb
  6510 | D:8      | Reached XP level 10. HP: 62/91 MP: 8/8
  6605 | D:8      | Found a sparkling altar of Nemelex Xobeh.
  6908 | D:9      | Reached skill level 11 in Axes
  6928 | D:9      | Noticed a two-headed ogre
  6944 | D:9      | Killed a two-headed ogre
  6951 | D:9      | Found a staircase to the Orcish Mines.
  7001 | D:9      | Reached *** piety under Makhleb
  7233 | D:9      | Reached skill level 12 in Axes
  7311 | D:9      | Found Vuar Hio's Island Escapes.
  7562 | D:9      | Found a stormy altar of Qazlal.
  7797 | D:10     | Entered Level 10 of the Dungeon
  7814 | D:10     | Reached **** piety under Makhleb
  7818 | D:10     | Reached XP level 11. HP: 46/100 MP: 9/9
  7906 | D:10     | Noticed a seven-headed hydra
  7956 | Orc:1    | Entered Level 1 of the Orcish Mines
  8063 | Orc:1    | Noticed a stone giant
  8091 | Orc:1    | Killed a stone giant
  8091 | Orc:1    | Reached ***** piety under Makhleb
  8091 | Orc:1    | Reached skill level 13 in Axes
  8321 | Orc:1    | Noticed an orc knight
  8332 | Orc:1    | Noticed a blizzard demon
  8359 | Orc:1    | Noticed a balrug
  8361 | Orc:1    | HP: 5/103 [balrug/demon whip of draining[the player character] (21)]
  8362 | Orc:1    | HP: 2/103 [balrug/demon whip of draining[the player character] (20)]
  8363 | Orc:1    | Slain by a balrug

Skill      XL: |  1  2  3  4  5  6  7  8  9 10 11 |
---------------+----------------------------------+-----
Fighting       | 3 4 5 7 |  7.9
Shields        | 1 3 4 5 |  5.9
Armour         | 2 3 5 6 |  6.2
Axes           | 6 10 12 13 | 13.2
Invocations    | 5 8 9 |  9.3
Maces & Flails | |  1.0
Bows           | |  2.2
Throwing       | |  1.0
Stealth        | |  1.2

Action                   |  1- 3 |  4- 6 |  7- 9 | 10-12 || total
-------------------------+-------+-------+-------+-------++-------
Melee: Unarmed           |       |     3 |     8 |       ||    11
       War axe           |       |       |   261 |   402 ||   663
       Dagger            |       |       |    19 |       ||    19
       Shortbow          |       |       |     2 |       ||     2
 Fire: Shortbow          |   111 |   163 |   299 |       ||   573
Invok: Greater Servant o |       |       |       |     2 ||     2
 Abil: Heal Wounds       |     2 |     1 |    25 |    19 ||    47
Evoke: Wand              |       |       |       |     4 ||     4
  Use: Potion            |       |       |     4 |     4 ||     8
       Scroll            |       |       |    19 |     1 ||    20
 Stab: Invisible         |       |       |     3 |       ||     3
       Distracted        |       |       |     1 |       ||     1
       Sleeping          |       |       |       |     5 ||     5
  Eat: Chunk             |       |     4 |     8 |     2 ||    14
       Ration            |       |       |     3 |       ||     3
Armor: Ring mail         |    21 |       |       |       ||    21
       Scale mail        |     3 |    30 |   173 |       ||   206
       Skin              |       |       |    13 |    72 ||    85
       Shadow dragon sca |       |       |    63 |   383 ||   446
Dodge: Dodged            |    20 |    30 |   192 |   322 ||   564
